 Dungeon Crawl Stone Soup version 0.29.0-13-gc9e81de378 (webtiles) character file.

Game seed: 6453882239811985364

125 Jakudza the Gusty (level 5, -3/28 HPs)
             Began as a Tengu Air Elementalist on Sept 10, 2022.
             Slain by a gnoll
             ... wielding a +0 war axe
              (10 damage)
             ... on level 3 of the Dungeon.
             The game lasted 00:14:55 (1888 turns).

Jakudza the Gusty (Tengu Air Elementalist)          Turns: 1888, Time: 00:14:56

Health: -3/28      AC:  3    Str:  8    XL:     5   Next: 9%
Magic:  8/10       EV: 15    Int: 18    God:
Gold:   84         SH:  0    Dex: 14    Spells: 7/10 levels left

rFire   . . .      SeeInvis .   c - +0 dagger (venom)
rCold   . . .      Faith    .   (no shield)
rNeg    . . .      Spirit   .   a - +1 robe
rPois   .          Reflect  .   (helmet restricted)
rElec   .          Harm     .   (no cloak)
rCorr   .          Rampage  .   (no gloves)
Will    .....                   (boots unavailable)
Stlth   ++........              (no amulet)
HPRegen 0.09/turn               (no ring)
MPRegen 0.12/turn               (no ring)

@: flying quickly and evasively, quick
A: beak, talons 3, nimble flight
a: no special abilities


You were on level 3 of the Dungeon.
You visited 1 branch of the dungeon, and saw 3 of its levels.

You collected 84 gold pieces.

Inventory:

Hand Weapons
 c - a +0 dagger of venom (weapon)
Armour
 a - a +1 robe (worn)
Wands
 l - a wand of flame (7)
Scrolls
 h - a scroll of enchant armour
 i - a scroll of fear
 j - 2 scrolls of fog
Potions
 d - 2 potions of might
 f - a potion of flight {unknown}
 g - 2 potions of curing {unknown}
 k - a potion of haste {unknown}


   Skills:
 + Level 3.0 Dodging
 - Level 2.2 Stealth
 * Level 3.0 Spellcasting
 + Level 2.8 Conjurations
 * Level 5.3 Air Magic


You had 7 spell levels left.
You knew the following spells:

 Your Spells              Type           Power      Damage    Failure   Level
a - Shock                 Conj/Air       68%        1d7       3%          1
b - Static Discharge      Conj/Air       17%        3-6/arc   4%          2

Your spell library contained the following spells:

 Spells                   Type           Power      Damage    Failure   Level
 Swiftness                Air            21%        N/A       5%          3
 Summon Small Mammal      Summ           8%         N/A       16%         1
 Airstrike                Air            10%        2d(2-18)  19%         4
 Call Canine Familiar     Summ           2%         N/A       43%         3
 Summon Guardian Golem    Hex/Summ       2%         N/A       43%         3


Dungeon Overview and Level Annotations

Branches:
Dungeon (3/15)

Altars:

Shops:
D:1 (


Innate Abilities, Weirdness & Mutations

You have a beak for a mouth.
You have claws for feet.
Your magical nature lets you fly swiftly and evasively.


Message History

Okay, then.
Okay, then.
Magic courses through your body. The orc barely misses you.
The gnoll hits you with a +0 war axe. The gnoll misses you.
An adder comes into view.
Casting: Shock (safe; 3% risk of failure)
Confirm with . or Enter, or press ? or * to list all spells.
Aiming: Shock (safe; 3% risk of failure)
Press: ? - help, Shift-Dir - straight line, f/p - orc
Aim: an orc, wielding a +0 hand axe (heavily wounded, 71% to hit)
The zap hits the orc.
You kill the orc!
The zap hits the orc.
You kill the orc!
The gnoll hits you with a +0 war axe.
* * * LOW HITPOINT WARNING * * *
The gnoll closely misses you.
Casting: Shock (safe; 3% risk of failure)
Confirm with . or Enter, or press ? or * to list all spells.
Aiming: Shock (safe; 3% risk of failure)
Press: ? - help, Shift-Dir - straight line The zap hits the gnoll.
The gnoll is lightly wounded.
The zap hits the gnoll.
The gnoll is heavily wounded.
The zap hits the gnoll.
The gnoll is heavily wounded.
The gnoll barely misses you. The gnoll misses you.
Casting: Shock (safe; 3% risk of failure)
Confirm with . or Enter, or press ? or * to list all spells.
Aiming: Shock (safe; 3% risk of failure)
Press: ? - help, Shift-Dir - straight line The zap hits the gnoll.
The gnoll is heavily wounded.
The zap hits the gnoll.
The gnoll is almost dead.
The zap hits the gnoll.
The gnoll is almost dead.
The gnoll hits you with a +0 war axe!
You die...

#.##### #.### #.#
#...# #.## #
~...########..##.#
###.........g.g....>
.....#####.###g####
.S. #g# #.# #)# #.#
#g#### #@#######.#
#...g. #)gg......#
######
#.....##########
#####. #. #. #. #.


You could see 2 gnolls and an adder.

Vanquished Creatures
  An orc priest (D:3)
  Ijyb (D:3)
  An adder (D:2)
  4 dart slugs
  6 orcs
  3 endoplasms
  2 giant cockroaches
  4 hobgoblins
  4 jackals (D:2)
  5 ball pythons
  3 bats
  3 frilled lizards
  5 goblins
  3 kobolds
  2 rats (D:1)
47 creatures vanquished.

Notes
Turn   | Place    | Note
-------+----------+-------------------------------------------
     0 | D:1      | Jakudza the Tengu Air Elementalist began the quest for the
                  | Orb.
     0 | D:1      | Reached XP level 1. HP: 10/10 MP: 4/4
    58 | D:1      | Found Fear's Antique Weapon Boutique.
   347 | D:1      | Reached XP level 2. HP: 15/15 MP: 3/6
   620 | D:1      | Found a faded altar of an unknown god.
   925 | D:2      | Learned a level 2 spell: Static Discharge
   937 | D:2      | Reached XP level 3. HP: 19/19 MP: 2/7
  1537 | D:3      | Noticed Ijyb
  1551 | D:3      | Reached skill level 5 in Air Magic
  1551 | D:3      | Reached XP level 4. HP: 11/24 MP: 0/9
  1764 | D:3      | Killed Ijyb
  1832 | D:3      | Gained mutation: Your magical nature lets you fly swiftly
                  | and evasively. [Tengu growth]
  1832 | D:3      | Reached XP level 5. HP: 17/28 MP: 2/10
  1888 | D:3      | Slain by a gnoll

Illustrated notes

Levels and vault maps discovered:
D:1:      lemuel_arrival_room, layout_rooms, hellmonk_ecumenical_altar_zigzags,
          serial_shops, nicolae_shop_competitors_out_of_business
D:2:      layout_rooms
D:3:      layout_loops_ring, mainiacjoe_overflow_concentric_impassable,
          portal_sewer_entry_d, uniq_ijyb

Skill      XL: |  1  2  3  4 |
---------------+-------------+-----
Conjurations   | 2 |  2.8
Air Magic      | 5 |  5.3
Dodging        | 3 |  3.0
Spellcasting   | 3 |  3.0
Stealth        | |  2.2

Action                   |  1- 3 |  4- 6 || total
-------------------------+-------+-------++-------
Melee: Dagger            |     3 |       ||     3
 Cast: Shock             |    68 |    19 ||    87
       Static Discharge  |     1 |     4 ||     5
  Use: Scroll            |     6 |     3 ||     9
       Potion            |     1 |     1 ||     2
Armor: Robe              |     3 |     8 ||    11
Dodge: Dodged            |     8 |    24 ||    32
